 Dungeon Crawl Stone Soup version 0.24.1-14-gf8d2b509d9 (webtiles) character file.

Game seed: 11336230728964293122, levelgen mode: deterministic

65 Gabide the Skirmisher (level 4, -1/28 HPs)
             Began as a Kobold Fighter on May 25, 2020.
             Slain by a gnoll (3 damage)
             ... on level 2 of the Dungeon.
             The game lasted 00:03:31 (1446 turns).

Gabide the Skirmisher (Kobold Fighter)              Turns: 1446, Time: 00:03:32

Health: -1/28      AC:  6    Str: 14    XL:     4   Next: 34%
Magic:  4/4        EV: 12    Int:  9    God:
Gold:   41         SH:  5    Dex: 14    Spells: 3/3 levels left

rFire    . . .     SeeInvis .   a - +0 flail
rCold    . . .     Gourm    .   i - +0 buckler
rNeg     . . .     Faith    .   k - +0 ring mail
rPois    .         Spirit   .   (no helmet)
rElec    .         Reflect  .   (no cloak)
rCorr    .         Harm     .   e - +0 pair of gloves
MR       .....                  (no boots)
Stlth    +.........             (no amulet)
HPRegen  0.09/turn              (no ring)
MPRegen  0.09/turn              (no ring)

@: no status effects
A: small, carnivore
a: no special abilities


You were on level 2 of the Dungeon.
You were completely stuffed.

You visited 1 branch of the dungeon, and saw 2 of its levels.

You collected 41 gold pieces.

Inventory:

Hand Weapons
 a - a +0 flail (weapon)
Missiles
 l - 2 boomerangs (quivered)
Armour
 b - a +0 scale mail
 c - a +0 shield
 e - a +0 pair of gloves (worn)
 i - a +0 buckler (worn)
 k - a +0 ring mail (worn)
Scrolls
 j - a scroll of magic mapping
Potions
 d - a potion of might
 g - a potion of magic
Comestibles
 f - 4 rations
 h - 3 chunks of flesh


   Skills:
 + Level 3.5 Fighting
 * Level 2.9 Maces & Flails
 + Level 2.8 Armour
 * Level 0.4 Dodging
 + Level 2.7 Shields


You had 3 spell levels left.
You didn't know any spells.
Your spell library was empty.

Dungeon Overview and Level Annotations

Branches:
Dungeon (2/15)

Altars:


Innate Abilities, Weirdness & Mutations

You are small and have problems with some larger weapons.
You are carnivorous and can eat meat at any time.


Message History

You hit the gnoll.
The gnoll is moderately wounded.
You block the gnoll's attack.
You barely miss the gnoll.
The gnoll is moderately wounded.
The gnoll hits you but does no damage.
The gnoll hits you from afar with a +0 spear.
You hit the gnoll.
The gnoll is moderately wounded.
The gnoll closely misses you. The gnoll hits you.
The gnoll hits you from afar with a +0 spear!
The gnoll hits you with a +0 spear.
* * * LOW HITPOINT WARNING * * *
The gnoll hits you.
* * * LOW HITPOINT WARNING * * *
It was a potion of cancellation.
You feel magically purged. You block the gnoll's attack.
There is a stone staircase leading down here.
The gnoll hits you.
You die...

,,,,,,,,,,**,,,* ##..#..##
.........*..,*** ##..###gg##
........##.#** ##..##.##K.#
...........# ##..##...##..
..........## ##..##..#,,##.
<..........#####* ##K.##..#**,,*#
................*##g..#...#,*,,,*
.........#.#**#.##..#...#,,*,,*,,
.....<.....# #.@gg.##..##,,,**,,
#......##).#########.##..##,**,,*
#.)....##......#####.###..#**,,**
.......#*#..##.....!.# ##..#,,**,
.......# *#.###......#####...#*,,
...##### #.# #.####.....##.##,,,
..#########.# #.# ###....###*,,,
..#......##.###.####...#...#**,,,
#...####.##...................,,,


You could see 3 gnolls and a kobold.

Vanquished Creatures
  Jessica (D:2)
  An adder (D:2)
  A worm (D:2)
  2 leopard geckos (D:1)
  2 bats
  2 giant cockroaches (D:1)
  4 goblins (D:1)
  A hobgoblin (D:2)
  4 kobolds
  4 frilled lizards (D:1)
  5 rats
27 creatures vanquished.

Notes
Turn   | Place    | Note
-------+----------+-------------------------------------------
     0 | D:1      | Gabide the Kobold Fighter began the quest for the Orb.
     0 | D:1      | Reached XP level 1. HP: 14/14 MP: 1/1
   194 | D:1      | Reached XP level 2. HP: 13/19 MP: 2/2
   795 | D:1      | Reached XP level 3. HP: 23/23 MP: 3/3
  1154 | D:2      | Noticed Jessica
  1160 | D:2      | Killed Jessica
  1189 | D:2      | Reached XP level 4. HP: 25/28 MP: 4/4
  1429 | D:2      | HP: 1/28 [gnoll (4)]
  1446 | D:2      | Slain by a gnoll

Levels and vault maps discovered:
D:1:      psy_arrival_spokes, layout_basic, minmay_quantized
D:2:      minmay_alternating_diamond, layout_rooms, st_stairs_1, uniq_robin,
          uniq_jessica

Skill      XL: |  1  2 |
---------------+-------+-----
Maces & Flails | 2 |  2.9
Fighting       | |  3.5
Armour         | |  2.8
Dodging        | |  0.4
Shields        | |  2.7

Action                   |  1- 3 |  4- 6 || total
-------------------------+-------+-------++-------
Melee: Flail             |    65 |    29 ||    94
  Use: Scroll            |       |     3 ||     3
       Potion            |       |     1 ||     1
  Eat: Chunk             |     8 |     2 ||    10
Armor: Scale mail        |    17 |       ||    17
       Ring mail         |     3 |     6 ||     9
Dodge: Dodged            |    40 |    20 ||    60
Block: Shield            |     5 |       ||     5
       Buckler           |    17 |    13 ||    30
